 Dungeon Crawl Stone Soup version 0.29.1-15-g9cfb28693d (webtiles) character file.

Game seed: 6981207325471739947

13 Heoruswealwe the Caller (level 2, -2/15 HPs)
             Began as a Deep Elf Summoner on Feb 21, 2023.
             Slain by a ball python (3 damage)
             ... on level 1 of the Dungeon.
             The game lasted 00:03:28 (274 turns).

Heoruswealwe the Caller (Deep Elf Summoner)          Turns: 274, Time: 00:03:28

Health: -2/15      AC:  2    Str:  5    XL:     2   Next: 24%
Magic:  7/8        EV:  9    Int: 19    God:
Gold:   38         SH:  0    Dex: 15    Spells: 7/8 levels left

rFire   . . .      SeeInvis .   e - +0 mace
rCold   . . .      Faith    .   (no shield)
rNeg    . . .      Spirit   .   a - +0 robe
rPois   .          Reflect  .   (no helmet)
rElec   .          Harm     .   (no cloak)
rCorr   .          Rampage  .   (no gloves)
Will    .....                   (no boots)
Stlth   ++........              (no amulet)
HPRegen 0.05/turn               (no ring)
MPRegen 0.11/turn               (no ring)

@: constricted
A: no striking features
a: no special abilities


You were on level 1 of the Dungeon.
You visited 1 branch of the dungeon, and saw 1 of its levels.

You collected 38 gold pieces.

Inventory:

Hand Weapons
 e - a +0 mace (weapon)
 f - a +0 short sword
 g - a +0 club
Missiles
 c - 4 stones
Armour
 a - a +0 robe (worn)
 d - a +0 robe
Potions
 b - a potion of magic


   Skills:
 - Level 2.4 Dodging
 - Level 2.4 Stealth
 + Level 3.6 Spellcasting
 + Level 4.7 Summonings


You had 7 spell levels left.
You knew the following spells:

 Your Spells              Type           Power      Damage    Failure   Level
a - Summon Small Mammal   Summ           84%        N/A       1%          1

Your spell library contained the following spells:

 Spells                   Type           Power      Damage    Failure   Level
 Call Imp                 Summ           21%        N/A       3%          2
 Call Canine Familiar     Summ           21%        N/A       6%          3
 Summon Guardian Golem    Hex/Summ       12%        N/A       16%         3
 Summon Lightning Spire   Summ/Air       12%        N/A       47%         4


Dungeon Overview and Level Annotations

Branches:
Dungeon (1/15)

Altars:


Message History

g - a +0 club
Found a stone staircase leading down.
You open the door.
You swap places.
Found a stone staircase leading down.
There is a stone staircase leading down here.
Your quokka disappears in a puff of smoke!
A jackal comes into view.
The jackal barks!
You hear an angry hiss.
You hear a bark! x2
A ball python comes into view.
Casting: Summon Small Mammal (safe; 1% risk of failure)
Confirm with . or Enter, or press ? or * to list all spells.
The jackal bites you.
Casting: Summon Small Mammal (safe; 1% risk of failure)
Confirm with . or Enter, or press ? or * to list all spells.
The jackal bites you but does no damage.
You swap places.
The jackal bites your quokka. The jackal attacks as you move away!
The jackal barely misses you.
You hit the jackal.
The jackal is lightly wounded.
The jackal closely misses you. The jackal bites you.
You hit the jackal.
The jackal is severely wounded.
The jackal bites you but does no damage.
The ball python closely misses you. The ball python grabs you.
The ball python constricts you.
The jackal bites you but does no damage.
The ball python bites you. The ball python constricts you.
You hit the jackal.
You kill the jackal!
The ball python bites you. The ball python constricts you.
You escape the ball python's grasp.
The ball python bites you.
* * * LOW HITPOINT WARNING * * *
The ball python barely misses you.
You barely miss the ball python. The ball python bites you.
* * * LOW HITPOINT WARNING * * *
The ball python grabs you. The ball python constricts you.
* * * LOW HITPOINT WARNING * * *
The ball python bites you.
You die...

#8...8########.##.#
##.#.##...††...##.#
#8.#.8#..##....##.#
##.#.##.####...##>#
#8...8#..##.......#
###'###...†....#..#
### .#..#
#.########..# ...#
...## #.# #..#
###...### ##.# #.#
#@S####.......# #.#
#.#
####.†...........#
##.# #.#
##≈≈≈≈r.###.......#
...# #.# #...g≈r##
###...### ##.## #.#
#.≈≈≈≈## ...# ....#
#.# #.###.# .##
##..# #.# #. ..# S#
##..# #.# # ##.# #
....###.##### #.#


You could see a goblin (ally target), a ball python, a friendly quokka
(summoned) and a friendly rat (summoned).

Vanquished Creatures
  A bat (D:1)
  2 jackals (D:1)
  A ball python (D:1)
  A kobold (D:1)
5 creatures vanquished.

Vanquished Creatures (collateral kills)
  A goblin (D:1)
  A hobgoblin (D:1)
  2 jackals (D:1)
  A ball python (D:1)
  A frilled lizard (D:1)
  A rat (D:1)
7 creatures vanquished.

Vanquished Creatures (others)
  2 plants (D:1)
2 creatures vanquished.

Grand Total: 14 creatures vanquished

Notes
Turn   | Place    | Note
-------+----------+-------------------------------------------
     0 | D:1      | Heoruswealwe the Deep Elf Summoner began the quest for the
                  | Orb.
     0 | D:1      | Reached XP level 1. HP: 10/10 MP: 6/6
   223 | D:1      | Reached XP level 2. HP: 15/15 MP: 5/8
   274 | D:1      | Slain by a ball python

Illustrated notes

Levels and vault maps discovered:
D:1:      heliophobic_arrival_ceremonial_halls, layout_loops_ring,
          chequers_serial_rivers_micro_d, serial_bayou_ford_a

Action                   || total
-------------------------++-------
Melee: Mace              ||    12
 Cast: Summon Small Mamm ||     8
  Use: Scroll            ||     1
Armor: Robe              ||     3
Dodge: Dodged            ||     7
